 Dungeon Crawl Stone Soup version 0.22-a0-81-g7478db5 (webtiles) character file.

552 CanOfBees the Lightning Rod (level 7, -2/55 HPs)
             Began as a Demonspawn Gladiator on Jan 18, 2018.
             Was a Follower of Qazlal.
             Slain by an iguana (8 damage)
             ... on level 3 of the Dungeon.
             The game lasted 00:06:41 (3658 turns).

CanOfBees the Lightning Rod (Demonspawn Gladiator)  Turns: 3658, Time: 00:06:41

Health: -2/55      AC:  9    Str: 14    XL:     7   Next: 8%
Magic:  10/10      EV:  7    Int: 11    God:    Qazlal [*.....]
Gold:   157        SH:  2    Dex: 15    Spells: 6/6 levels left

rFire    . . .     SeeInvis .   a - +0 quarterstaff
rCold    . . .     Gourm    .   (shield currently unavailable)
rNeg     . . .     Faith    .   j - +0 chain mail (curse)
rPois    .         Spirit   .   (helmet restricted)
rElec    .         Reflect  .   (no cloak)
rCorr    .         Harm     .   (no gloves)
MR       +....                  r - +0 pair of boots
Stlth    ..........             (no amulet)
HPRegen  0.18/turn              v - ring of protection from magic
MPRegen  0.12/turn              (no ring)

@: no status effects
A: claws 1, horns 1, talons 2
a: Renounce Religion


You were on level 3 of the Dungeon.
You worshipped Qazlal.
Qazlal was aware of your devotion.
You were not hungry.

You visited 1 branch of the dungeon, and saw 4 of its levels.

You collected 157 gold pieces.

Inventory:

Hand Weapons
 a - a +0 quarterstaff (weapon)
 o - a +0 short sword of venom
Missiles
 i - 30 sling bullets
 s - 5 javelins (quivered)
Armour
 j - a cursed +0 chain mail (worn)
 r - a +0 pair of boots (worn)
Jewellery
 v - a ring of protection from magic (left claw)
Scrolls
 e - a scroll of enchant weapon {unknown}
 g - a scroll of fog {unknown}
 k - 3 scrolls of remove curse {unknown}
 m - 3 scrolls of identify
 p - 2 scrolls of fear {unknown}
 q - 3 scrolls of teleportation {unknown}
 u - a scroll of blinking {unknown}
Potions
 b - a potion of brilliance {unknown}
 c - a potion of might {unknown}
 l - a potion of agility {unknown}
 n - 2 potions of curing
 t - a potion of magic {unknown}
 w - a potion of mutation {unknown}
 x - a potion of ambrosia {unknown}
 z - a potion of degeneration {unknown}
Comestibles
 f - 6 rations
 h - 10 chunks of flesh


   Skills:
 + Level 4.5 Fighting
 + Level 4.6 Staves
 - Level 2.5 Throwing
 - Level 3.0 Dodging
 + Level 4.9 Invocations


You had 6 spell levels left.
You didn't know any spells.

Dungeon Overview and Level Annotations

Branches:
Dungeon (4/15)
 Temple: D:4-7

Altars:
Gozag
Nemelex Xobeh
Qazlal
Ru


Innate Abilities, Weirdness & Mutations

You have sharp fingernails.
You have a pair of small horns on your head.
You have razor-sharp toenails.


Message History

* * * LOW HITPOINT WARNING * * *
You feel better.
The iguana bites you but does no damage.
Throwing (i - inventory. (,) - cycle):
d - a throwing net (quivered)
Press: ? - help, Shift-Dir - straight line, f - iguana
Aim: an iguana (lightly wounded)
You throw a throwing net.
The throwing net barely misses the iguana.
The iguana barely misses you.
You barely miss the iguana.
The iguana is lightly wounded.
The iguana misses you.
You hit the iguana but do no damage. Your headbutt misses the iguana.
The iguana is lightly wounded.
The iguana bites you!
* * * LOW HITPOINT WARNING * * *
You closely miss the iguana.
The iguana is lightly wounded.
The iguana bites you!
You die...

#...............#
#..........(....#
#...............#
#...............#
##...........<)##
##.....#.....รท.###########
#########.###...........#
###>l##...........#
####..@..............##
##.....##....####....###
####..#......##..###.).....
#....##......##......#.....
#..................###.##.#
#...##.......#.........##.#
#######....................
#........##.......#.#
#...................#


You could see an iguana.

Vanquished Creatures
  The ghost of cellescent the Covered, a novice GnWn (D:4)
  2 hounds (D:4)
  An orc priest (D:3)
  A worker ant (D:4)
  Robin (D:2)
  6 adders
  An ooze (D:2)
  A worm (D:4)
  A dart slug (D:1)
  5 orcs
  3 giant cockroaches
  10 goblins
  13 hobgoblins
  14 kobolds
  2 quokkas
  9 bats
  9 frilled lizards
  9 rats
89 creatures vanquished.

Notes
Turn   | Place    | Note
-------+----------+-------------------------------------------
     0 | D:1      | CanOfBees the Demonspawn Gladiator began the quest for the Orb.
     0 | D:1      | Reached XP level 1. HP: 16/16 MP: 1/1
   160 | D:1      | Gained mutation: You have sharp fingernails. [demonic ancestry]
   160 | D:1      | Reached XP level 2. HP: 22/22 MP: 2/2
   872 | D:2      | Reached XP level 3. HP: 26/28 MP: 3/3
   923 | D:2      | Found a stormy altar of Qazlal.
   924 | D:2      | Noticed an air elemental
   926 | D:2      | Noticed a water elemental
   926 | D:2      | Noticed an earth elemental
   926 | D:2      | Noticed a fire elemental
   935 | D:2      | Became a worshipper of Qazlal Stormbringer
  1567 | D:2      | Noticed Robin
  1643 | D:1      | Reached skill level 1 in Invocations
  1958 | D:2      | Killed Robin
  1958 | D:2      | Gained mutation: You have a pair of small horns on your head. [demonic ancestry]
  1958 | D:2      | Reached XP level 4. HP: 34/34 MP: 3/5
  2591 | D:3      | Reached * piety under Qazlal
  2913 | D:3      | Found a sparkling altar of Nemelex Xobeh.
  2913 | D:3      | Found an opulent altar of Gozag.
  2914 | D:3      | Found a sacrificial altar of Ru.
  3030 | D:2      | Reached XP level 5. HP: 26/41 MP: 6/6
  3526 | D:4      | Gained mutation: You have sharp toenails. [demonic ancestry]
  3526 | D:4      | Reached XP level 6. HP: 46/48 MP: 8/8
  3540 | D:4      | Noticed cellescent's ghost (novice GnWn)
  3578 | D:4      | Killed cellescent's ghost
  3578 | D:4      | Gained mutation: You have razor-sharp toenails. [demonic ancestry]
  3578 | D:4      | Reached XP level 7. HP: 22/55 MP: 8/10
  3658 | D:3      | Slain by an iguana

Vault maps used:
D:1:      mainiacjoe_arrival_reflecting_pool, wad_floor_pattern_untrapped
D:2:      cheibrodos_helix_gallery, nicolae_qazlal_style_of_elements, uniq_robin
D:3:      gammafunk_temple_overflow_claw, kennysheep_generic_room_10
D:4:      grunt_temple_overflow_holy_war

Skill      XL: |  1  2  3  4  5  6 |
---------------+-------------------+-----
Throwing       | 2 |  2.5
Dodging        | 3 |  3.0
Staves         | 3 4 |  4.6
Invocations    | 1 2 3 4 |  4.9
Fighting       | 3 4 |  4.5

Action                   |  1- 3 |  4- 6 |  7- 9 || total
-------------------------+-------+-------+-------++-------
Melee: Quarterstaff      |   148 |   128 |    21 ||   297
       Short sword       |     3 |       |       ||     3
       Headbutt          |       |    24 |     4 ||    28
Throw: Javelin           |     5 |     6 |       ||    11
       Throwing net      |     2 |     3 |     1 ||     6
  Use: Scroll            |       |     1 |       ||     1
       Potion            |       |       |     1 ||     1
  Eat: Chunk             |     2 |     3 |     1 ||     6
       Ration            |     1 |       |       ||     1
Armor: Leather armour    |     6 |       |       ||     6
       Chain mail        |   103 |   102 |     7 ||   212
Dodge: Dodged            |    79 |    56 |    15 ||   150
Block: Other             |       |     3 |     1 ||     4

Table legend:
 A = Spawn XP
 B = Non-spawn XP
 C = Spawn XP percentage of total XP
 D = Spawn monster count
 E = Non-spawn monster count
 F = Spawn count percentage of total count
 G = Total turns spent on level
                    A         B        C        D         E        F      G
               +---------+---------+-------+---------+---------+-------+---------
         Total |       0 |     789 |   0.0 |       0 |      89 |   0.0 |  3658
               +---------+---------+-------+---------+---------+-------+---------
           D:1 |       0 |      51 |   0.0 |       0 |      32 |   0.0 |  1155
           D:2 |       0 |      73 |   0.0 |       0 |      26 |   0.0 |  1412
           D:3 |       0 |     141 |   0.0 |       0 |      25 |   0.0 |   913
           D:4 |       0 |     524 |   0.0 |       0 |       6 |   0.0 |   178
               +---------+---------+-------+---------+---------+-------+---------
